 Dungeon Crawl Stone Soup version 0.26-a0-683-g5206c1d7ac (webtiles) character file.

Game seed: 18046010860247688784

212 grandjackal the Firebug (level 5, -2/44 HPs)
             Began as a Hill Orc Fire Elementalist on Oct 23, 2020.
             Slain by Sigmund
             ... wielding a +0 vampiric scythe
              (3 damage)
             ... on level 3 of the Dungeon.
             The game lasted 00:08:22 (5319 turns).

grandjackal the Firebug (HOFE)                      Turns: 5319, Time: 00:08:22

Health: -2/44      AC:  2    Str: 11    XL:     5   Next: 90%
Magic:  4/8        EV: 12    Int: 16    God:
Gold:   111        SH:  0    Dex: 11    Spells: 0/8 levels left

rFire    . . .     SeeInvis .   o - +1 whip (pain)
rCold    . . .     Faith    .   (no shield)
rNeg     . . .     Spirit   .   a - +0 robe
rPois    .         Reflect  .   (no helmet)
rElec    .         Harm     .   (no cloak)
rCorr    .         Rampage  .   (no gloves)
MR       .....                  (no boots)
Stlth    ++........             (no amulet)
HPRegen  0.14/turn              (no ring)
MPRegen  0.11/turn              (no ring)

@: no status effects
A: no striking features
a: no special abilities


You were on level 3 of the Dungeon.
You visited 1 branch of the dungeon, and saw 4 of its levels.

You collected 111 gold pieces.

Inventory:

Hand Weapons
 e - a +0 hand axe
 m - a +0 hand axe
 o - a +1 whip of pain (weapon)
 p - a +0 war axe
Missiles
 g - 13 poisoned darts (quivered)
Armour
 a - a +0 robe (worn)
 b - a +0 buckler
 h - a +0 scale mail
 n - a +0 ring mail
Scrolls
 d - 4 scrolls of identify
 f - a scroll of fog {unknown}
 i - a scroll of immolation {unknown}
 j - a scroll of enchant armour {unknown}
 l - a scroll of noise {unknown}
 q - a scroll of teleportation {unknown}
Potions
 c - a potion of haste


   Skills:
 + Level 2.9 Fighting
 - Level 1.5 Dodging
 - Level 1.5 Stealth
 + Level 2.5 Shields
 - Level 2.0 Spellcasting
 + Level 2.7 Conjurations
 + Level 4.4 Fire Magic


You couldn't memorise any spells.
You knew the following spells:

 Your Spells              Type           Power        Failure   Level
a - Foxfire               Conj/Fire      ##..         4%          1
b - Conjure Flame         Conj/Fire      ##......     14%         3
c - Sticky Flame          Conj/Fire      ##......     43%         4

Your spell library contained the following spells:

 Spells                   Type           Power        Failure   Level
 Inner Flame              Hex/Fire       #.......     26%         3
 Fireball                 Conj/Fire      ##........   80%         5


Dungeon Overview and Level Annotations

Branches:
Dungeon (4/15)
 Temple: D:4-7

Altars:

Annotations:
D:3 Sigmund


Message History

The acid corrodes the frilled lizard!
You kill the frilled lizard!
The now-empty wand crumbles to dust.
Sigmund burns!
Sigmund misses you.
Unknown command.
Unknown command.
Unknown command.
You hit Sigmund but do no damage.
Sigmund is severely wounded.
Sigmund burns!
You barely miss Sigmund.
Sigmund is severely wounded.
Sigmund burns!
Sigmund hits you with a +0 vampiric scythe!
* * * LOW HITPOINT WARNING * * *
Sigmund draws strength from your wounds!
Unknown command.
You hit Sigmund.
Sigmund is almost dead.
Sigmund burns!
Something hits you.
You die...

#.#.#..).......[..#
#...#######.#####.#
##..#......(..#...#
#..#(#####.#.#.######
##.#.# #.#.#....)..
#.#.# #+#.#..#####
#.$.# #............
#...# #........####
#..@# #............
#.#{# ##.#.#.......
#.#.. #.#.#..#.###
#.#..# #...........
..#... ....#.#.###
#.###.#.## ......#.#
#.#
#........##....###.#
#.# #........##....
#.# #.#
#........##... #.#


There were no monsters in sight!

Vanquished Creatures
  An orc priest (D:3)
  Jessica (D:2)
  Ijyb (D:3)
  Terence (D:1)
  An iguana (D:2)
  2 adders (D:2)
  2 worms
  A dart slug (D:3)
  A leopard gecko (D:1)
  4 orcs (D:3)
  9 bats
  3 giant cockroaches
  3 goblins (D:3)
  10 hobgoblins
  A quokka (D:2)
  4 frilled lizards
  4 kobolds
  8 rats
57 creatures vanquished.

Vanquished Creatures (others)
  An orc (D:3)
  174 foxfires
175 creatures vanquished.

Grand Total: 232 creatures vanquished

Notes
Turn   | Place    | Note
-------+----------+-------------------------------------------
     0 | D:1      | grandjackal the Hill Orc Fire Elementalist began the quest
                  | for the Orb.
     0 | D:1      | Reached XP level 1. HP: 14/14 MP: 3/3
   311 | D:1      | Reached XP level 2. HP: 22/22 MP: 1/4
   524 | D:1      | Reached skill level 1 in Fighting
  1060 | D:2      | Noticed Terence
  1239 | D:2      | Noticed Jessica
  1821 | D:2      | Reached skill level 1 in Shields
  2234 | D:2      | Reached XP level 3. HP: 28/28 MP: 3/5
  2260 | D:2      | Learned a level 3 spell: Conjure Flame
  2574 | D:2      | Killed Jessica
  2574 | D:2      | Reached XP level 4. HP: 35/35 MP: 2/7
  3494 | D:2      | Reached skill level 4 in Fire Magic
  3893 | D:3      | Reached XP level 5. HP: 25/41 MP: 6/8
  4018 | D:3      | Learned a level 4 spell: Sticky Flame
  4115 | D:1      | Killed Terence
  4657 | D:3      | Noticed Ijyb
  4868 | D:3      | Killed Ijyb
  5308 | D:3      | Noticed Sigmund
  5318 | D:3      | HP: 1/44 [Sigmund/+0 vampiric scythe (11)]
  5319 | D:3      | Slain by Sigmund

Illustrated notes

Levels and vault maps discovered:
D:1:      minmay_arrival_four_circles, layout_basic
D:2:      layout_basic, minmay_crystal_room, uniq_terence, uniq_jessica
D:3:      layout_basic, uniq_robin, uniq_sigmund, uniq_ijyb
D:4:      minmay_inner_zag, layout_basic

Skill      XL: |  1  2  3  4  5 |
---------------+----------------+-----
Fighting       | 1 2 |  2.9
Shields        | 1 2 |  2.5
Spellcasting   | 2 |  2.0
Conjurations   | 2 |  2.7
Fire Magic     | 4 |  4.4
Dodging        | |  1.5
Stealth        | |  1.5

Action                   |  1- 3 |  4- 6 || total
-------------------------+-------+-------++-------
Melee: Unarmed           |    15 |     6 ||    21
       Whip              |       |    60 ||    60
 Cast: Foxfire           |    58 |    40 ||    98
       Sticky Flame      |       |     6 ||     6
Evoke: Wand              |       |     1 ||     1
  Use: Scroll            |       |     2 ||     2
 Stab: Sleeping          |       |     1 ||     1
Armor: Robe              |     4 |    10 ||    14
Dodge: Dodged            |    18 |    52 ||    70

Table legend: (Time is in decaauts)
 A = Elapsed time spent in this place.
 B = Non-inter-level travel time spent in this place.
 C = Inter-level travel time spent in this place.
 D = Time resting spent in this place.
 E = Time spent auto-exploring this place.
 F = Levels seen in this place.
 G = Mean time per level.
                   A        B        C        D        E       F      G
               +--------+--------+--------+--------+--------+-----+--------+
         Total |   5332 |   5109 |    223 |   2463 |   1556 |   4 | 1333.0 |
       Dungeon |   5332 |   5109 |    223 |   2463 |   1556 |   4 | 1333.0 |
               +--------+--------+--------+--------+--------+-----+--------+

Top non-repeatable levels by time:
     D:1: 2155 daAuts
     D:2: 2068 daAuts
     D:3: 920 daAuts
     D:4: 188 daAuts
